cohdb
Replays
Latest Replays
All Replays
Popular Replays
Top Player Replays
Match Explorer
How It Works
Community
CoH3 Stats
Reddit
Sign in to upload your games and track your stats! →
Sign in with Steam
Match 32330541
Unlisted
Match 32330541
Overview
Messages
Build Orders
End
Construct Section Command Post
Royal Engineer Section
Infantry Section
Vickers Machine Gun Team
Infantry Section
Construct Platoon Command Post
Humber Armored Car
Selects Air and Sea Battlegroup
Selects Supply Surplus
Construct Resource Cache
Construct Field Infirmary
6-pounder Anti-tank Gun Team
Selects Commando Section Paradrop
Selects M1 Pack Howitzer Paradrop
M1 Pack Howitzer Paradrop
Grenade Package
Construct Company Command Post
6-pounder Anti-tank Gun Team
Matilda II Heavy Tank
pro.FM
Shivara
el campo
MaXiS
0
0
Comments
sign in to comment!
No comments posted yet!